 Dungeon Crawl Stone Soup version 0.32-a0-975-g85d4e5bfdb (webtiles) character file.

Game seed: 5814679135103121082

1381 ezpacito the Chopper (level 8, 0/61 HPs)
             Began as a Coglin Chaos Knight on Apr 19, 2024.
             Was a Plaything of Xom.
             Succumbed to a water moccasin's poison
             ... on level 6 of the Dungeon.
             The game lasted 00:07:04 (5069 turns).

ezpacito the Chopper (Coglin Chaos Knight)          Turns: 5069, Time: 00:07:04

Health: 0/61       AC: 16    Str: 15    XL:     8   Next: 67%
Magic:  11/11      EV:  7    Int: 11    God:    Xom [..*...]
Gold:   17         SH:  0    Dex: 14    Spells: 11/11 levels left

rFire   . . .        a - +0 hand axe (chaos) {Gurmehar}
rCold   . . .        i - +6 whip (chaos) {Jingyi}
rNeg    . . .        u - +0 chain mail
rPois   .            (no helmet)
rElec   .            m - +2 cloak
rCorr   .            h - +0 pair of gloves
SInv    .            f - +2 pair of boots
Will    .....        (amulet unavailable) Stlth
                     (ring unavailable)
HPRegen 0.30/turn    (ring unavailable)
MPRegen 0.12/turn    (no gizmo)

%: clarity
@: brilliant, lethally poisoned (0 -> -13), revving
A: off-hand wielding, slow wielding, warmup strikes, no jewellery, clarity,
inability to drink after injury 1
a: Invent Gizmo, Renounce Religion


You were on level 6 of the Dungeon.
You worshipped Xom.
You were a toy of Xom.
You visited 1 branch of the dungeon, and saw 6 of its levels.
You also visited: Ossuary.

You collected 257 gold pieces.
You spent 240 gold pieces at shops.

Inventory:

Hand Weapons
 a - a +0 hand axe of chaos (weapon) {Gurmehar}
 c - a +0 war axe
 i - a +6 whip of chaos (offhand) {Jingyi}
 l - a +0 spear {Teicuih}
 x - a +1 hand axe of draining
 y - a +0 arbalest
Missiles
 n - 13 poisoned darts (quivered)
 J - 5 boomerangs
Armour
 f - a +2 pair of boots (worn)
 h - a +0 pair of gloves (worn)
 m - a +2 cloak (worn)
 o - a scarf of invisibility
 u - a +0 chain mail (worn)
 E - a +0 plate armour
Talismans
 k - a flux talisman
Wands
 I - a wand of acid (9)
Scrolls
 e - a scroll of fog
 g - 4 scrolls of enchant armour
 j - 2 scrolls of noise
 p - a scroll of amnesia {unknown}
 r - a scroll of torment
 t - 2 scrolls of teleportation
 v - a scroll of fear {unknown}
 B - a scroll of blinking {unknown}
 D - a scroll of immolation
Potions
 b - a potion of mutation
 d - a potion of might
 s - 2 potions of brilliance
 w - 2 potions of magic
 z - a potion of resistance {unknown}
 A - a potion of haste {unknown}
 C - a potion of invisibility {unknown}
 F - a potion of ambrosia {unknown}
 G - a potion of attraction
 H - a potion of lignification


   Skills:
 + Level 4.3 Fighting
 * Level 4.8(5.5) Axes
 * Level 3.5(4.5) Polearms
 + Level 1.7 Throwing
 * Level 4.0 Armour
 * Level 3.5 Dodging
 + Level 2.1 Stealth
 + Level 2.0 Spellcasting
 + Level 2.6 Evocations
 + Level 1.7 Shapeshifting


You had 11 spell levels left.
You didn't know any spells.
Your spell library contained the following spells:

 Spells                   Type           Power      Damage    Failure   Level
 Freeze                   Ice            4%         1d3       98%         1
 Sandblast                Erth           2%         2d4       98%         1
 Frozen Ramparts          Ice            2%         1d1       100%        3
 Hailstorm                Conj/Ice       1%         3d5       100%        3
 Passwall                 Erth           1%         N/A       100%        3
 Stone Arrow              Conj/Erth      2%         3d7       100%        3


Dungeon Overview and Level Annotations

Branches:
Dungeon (6/15)            Ossuary (visited)
 Temple: D:4-7

Altars:
Sif Muna
Xom

Shops:
D:5 !!?


Innate Abilities, Weirdness & Mutations

You can wield a second weapon in your off-hand.
It takes a long time for you to wield or remove held weapons.
Your first few attacks do less damage.
You cannot equip rings or amulets.
You possess an exceptional clarity of mind.
You occasionally lose the ability to drink potions when taking damage.


Message History

The water moccasin poisons you!
You take 9 damage, and have 23/61 hp.
You completely miss the water moccasin with your +6 whip of chaos.
You hit the water moccasin with your +0 hand axe of chaos.
You feel better.
You feel extremely sick. The water moccasin bites you.
* * * LOW HITPOINT WARNING * * *
You take 6 damage, and have 17/61 hp.
You hit the water moccasin with your +0 hand axe of chaos.
The water moccasin is heavily wounded.
You hit the water moccasin with your +6 whip of chaos.
* * * LOW HITPOINT WARNING * * *
You feel very sick. "This might be better!"
The bombardier beetle evaporates and reforms as a killer bee!
You are now a toy of Xom.
The water moccasin barely misses you.
The water moccasin bites you but does no damage.
You take 5 damage, and have 12/61 hp.
Okay, then.
Okay, then.
Okay, then.
It was a potion of brilliance.
You feel clever all of a sudden.
* * * LOW HITPOINT WARNING * * *
You feel very sick.
You almost hear Xom's maniacal laughter.
Your whip briefly flashes a lurid colour!
The killer bee stings you.
* * * LOW HITPOINT WARNING * * *
The water moccasin barely misses you.
You take 9 damage, and have 3/61 hp.
It was a potion of mutation.
You feel extremely strange.
You no longer feel strong-willed.
You occasionally lose the ability to drink potions when taking damage.
Xom thinks this is hilarious!
Your thoughts seem clearer.
You die...
Xom guffaws!

##.......#.##...†###
## #..#. #......##
#....####.....# #
##...#...#...# #.
#......##...#
##.###..#.## .....
..#....##.### .....
..........# .....
......S@).#
......y.........
..............#.
,........!...###
...........##
##....>...##
#.........#
#.........)


You could see a water moccasin and a killer bee.

Vanquished Creatures
  A water moccasin (D:6)
  An ice beast (D:6)
  2 black bears
  An ogre (D:5)
  A phantom (D:5)
  Blork the orc (D:5)
  2 scorpions
  2 hounds
  2 jellies (D:5)
  2 centaur zombies (Ossuary)
  An orc priest (D:3)
  2 sleepcaps
  3 iguanas
  An orc wizard (D:3)
  3 crocodile zombies (Ossuary)
  2 mummies (Ossuary)
  2 gnolls (D:3)
  8 adders
  A white imp (D:5)
  3 dart slugs
  A ribbon worm (D:2)
  21 orcs
  7 ball pythons
  8 endoplasms
  3 giant cockroaches
  2 gnoll zombies (Ossuary)
  5 goblins
  5 hobgoblins
  5 kobolds
  3 quokkas
  7 bats
  3 frilled lizards
  5 kobold zombies (Ossuary)
  6 rats
122 creatures vanquished.

Vanquished Creatures (collateral kills)
  A gnoll (D:3)
1 creature vanquished.

Grand Total: 123 creatures vanquished

Notes
Turn   | Place    | Note
-------+----------+-------------------------------------------
     0 | D:1      | ezpacito the Coglin Chaos Knight began the quest for the
                  | Orb.
     0 | D:1      | Reached XP level 1. HP: 18/18 MP: 1/1
    68 | D:1      | XOM: silly message
    88 | D:1      | Reached skill level 1 in Dodging
   139 | D:1      | Reached XP level 2. HP: 24/24 MP: 2/2
   208 | D:1      | XOM: give mutations
   208 | D:1      | Gained mutation: Your spells are a little easier to cast,
                  | but a little less powerful. [Xom's mischief]
   208 | D:1      | Gained mutation: You are agile. (Dex +4, Str/Int -1) [Xom's
                  | mischief]
   208 | D:1      | Lost mutation: You are agile. (Dex +4, Str/Int -1) [Xom's
                  | mischief]
   208 | D:1      | Gained mutation: You are strong-willed. (Will+) [Xom's
                  | mischief]
   734 | D:1      | Reached XP level 3. HP: 23/29 MP: 3/3
  1057 | D:2      | XOM: scenery: create altars
  1237 | D:2      | XOM: smoke on damage
  1350 | D:2      | Found a faded altar of an unknown god.
  1518 | D:2      | Reached skill level 1 in Polearms
  1537 | D:2      | Reached XP level 4. HP: 33/35 MP: 4/4
  1705 | D:2      | XOM: give mutation
  1705 | D:2      | Lost mutation: Your spells are a little easier to cast, but
                  | a little less powerful. [Xom's grace]
  1856 | D:3      | XOM: 6-stop teleportation journey
  2023 | D:3      | XOM: scenery: create altars
  2049 | D:3      | Reached XP level 5. HP: 41/41 MP: 6/6
  2332 | D:3      | XOM: fake destruction
  2348 | D:3      | HP: 2/41 [orc priest/divine providence (14)]
  2759 | D:3      | Reached skill level 1 in Spellcasting
  2797 | D:3      | XOM: god gift: 37 gold pieces
  3011 | D:4      | Noticed a black bear
  3012 | D:4      | XOM: scenery: summon butterflies
  3019 | D:4      | XOM: divination: magic mapping
  3025 | D:4      | Killed a black bear
  3026 | D:4      | Reached skill level 1 in Stealth
  3026 | D:4      | Reached XP level 6. HP: 37/48 MP: 7/7
  3111 | D:4      | XOM: silly message
  3139 | D:4      | XOM: divination: magic mapping
  3192 | D:4      | Reached skill level 1 in Evocations
  3299 | D:4      | XOM: cast spell 'Olgreb's Toxic Radiance'
  3330 | D:4      | Identified the +1 robe of Slimy Lucidity {Dex+4}
  3399 | D:4      | XOM: noise
  3526 | D:4      | XOM: silly message
  3622 | D:5      | Entered Level 5 of the Dungeon
  3631 | D:5      | XOM: potion effect (attraction)
  3633 | D:5      | Reached XP level 7. HP: 51/53 MP: 8/8
  3642 | D:5      | Reached skill level 1 in Shapeshifting
  3645 | D:5      | XOM: silly message
  3829 | D:5      | XOM: noise
  3908 | D:5      | XOM: 1-stop teleportation journey
  3997 | D:5      | XOM: confuse monster(s)
  4021 | D:5      | Found a sand-covered staircase.
  4045 | Ossuary  | Entered an ossuary
  4088 | Ossuary  | Reached skill level 1 in Throwing
  4152 | Ossuary  | XOM: potion effect (might)
  4235 | D:5      | Found Qewori's Distillery.
  4241 | D:5      | XOM: potion effect (brilliance)
  4247 | D:5      | Reached XP level 8. HP: 39/60 MP: 10/10
  4279 | D:5      | XOM: god gift: 3 stones
  4369 | D:5      | Bought a potion of might for 44 gold pieces
  4369 | D:5      | Bought a potion of magic for 88 gold pieces
  4369 | D:5      | Bought a potion of degeneration for 11 gold pieces
  4369 | D:5      | Bought a potion of attraction for 33 gold pieces
  4399 | D:5      | Found Wirecija's Distillery.
  4418 | D:5      | Bought a potion of lignification for 42 gold pieces
  4482 | D:5      | XOM: confuse monster(s)
  4497 | D:5      | Found Gomekk's Magic Scroll Boutique.
  4505 | D:5      | Bought a scroll of identify for 22 gold pieces
  4571 | D:5      | Noticed Blork the orc
  4583 | D:5      | XOM: 3-stop teleportation journey
  4658 | D:5      | XOM: chaos upgrade
  4667 | D:5      | Killed Blork the orc
  4676 | D:5      | Found a shimmering blue altar of Sif Muna.
  4881 | D:6      | XOM: divination: detect creatures
  5032 | D:6      | XOM: chaos upgrade
  5067 | D:6      | XOM: polymorph bombardier beetle -> killer bee
  5068 | D:6      | XOM: silly message
  5068 | D:6      | HP: 3/61 [killer bee (5)]
  5069 | D:6      | Lost mutation: You are strong-willed. (Will+) [potion of
                  | mutation]
  5069 | D:6      | Gained mutation: You occasionally lose the ability to drink
                  | potions when taking damage. [potion of mutation]
  5069 | D:6      | Gained mutation: You possess an exceptional clarity of
                  | mind. [potion of mutation]
  5069 | D:6      | Succumbed to a water moccasin's poison

Illustrated notes

Levels and vault maps discovered:
D:1:      dpeg_arrival_tiny_a, layout_loops_corners
D:2:      layout_loops_ring, dreamdust_ecumenical_altar_angels_and_demons
D:3:      layout_loops_corners, fountainhead
D:4:      layout_rooms
D:5:      layout_basic, tgw_sif, serial_shops, shop,
          nicolae_shop_hallway_stairs, shop_statue, chequers_ossuary_entry_cave
D:6:      layout_cave_pools, temple_green

Skill      XL: |  1  2  3  4  5  6  7  8 |
---------------+-------------------------+-----
Dodging        | 1 2 3 |  3.5
Armour         | 2 3 4 |  4.0
Polearms       | 1 2 3 |  3.5
Spellcasting   | 1 2 |  2.0
Stealth        | 1 2 |  2.1
Evocations     | 1 2 |  2.6
Axes           | 4 |  4.8
Shapeshifting  | 1 |  1.7
Fighting       | 4 |  4.3
Throwing       | 1 |  1.7

Action                     |  1- 3 |  4- 6 |  7- 9 || total
---------------------------+-------+-------+-------++-------
  Melee: Hand axe          |    85 |   156 |   169 ||   410
         Dagger            |    78 |   106 |       ||   184
         Spear             |       |    45 |   194 ||   239
         Whip              |       |       |     3 ||     3
  Evoke: Wand              |       |       |     1 ||     1
    Use: Potion            |       |     3 |     4 ||     7
         Scroll            |       |     5 |     2 ||     7
   Stab: Confused          |     1 |       |     6 ||     7
         Sleeping          |     1 |       |       ||     1
         Held in net/web   |       |       |     1 ||     1
         Paralysed         |       |       |     3 ||     3
 Armour: Leather armour    |    52 |    99 |       ||   151
         Chain mail        |       |     9 |   174 ||   183
  Dodge: Dodged            |    43 |    86 |    46 ||   175

Table legend: (Time is in decaauts)
 A = Elapsed time spent in this place.
 B = Non-inter-level travel time spent in this place.
 C = Inter-level travel time spent in this place.
 D = Time resting spent in this place.
 E = Time spent auto-exploring this place.
 F = Levels seen in this place.
 G = Mean time per level.
                   A        B        C        D        E       F      G
               +--------+--------+--------+--------+--------+-----+--------+
         Total |   5084 |   4760 |    324 |    103 |   3618 |   7 |  726.3 |
       Dungeon |   4911 |   4587 |    324 |    103 |   3533 |   6 |  818.5 |
       Ossuary |    173 |    173 |      0 |      0 |     85 |   1 |  173.0 |
               +--------+--------+--------+--------+--------+-----+--------+

Top non-repeatable levels by time:
     D:3: 1202 daAuts
     D:5: 1033 daAuts
     D:1: 1005 daAuts
     D:2: 838 daAuts
     D:4: 594 daAuts
     D:6: 236 daAuts
 Ossuary: 173 daAuts
